 Dungeon Crawl Stone Soup version 0.30-a0-585-g93115170b9 (webtiles) character file.

Game seed: 16124566899091156267

4102 Newt the Basher (level 10, -5/71 HPs)
             Began as a Demonspawn Gladiator on Jan 1, 2023.
             Was an Elder of Okawaru.
             Slain by a yak (12 damage)
             ... on level 9 of the Dungeon.
             The game lasted 00:08:58 (8348 turns).

Newt the Basher (Demonspawn Gladiator)              Turns: 8348, Time: 00:08:58

Health: -5/71      AC:  8    Str: 19    XL:     10   Next: 6%
Magic:  17/17      EV: 15    Int:  9    God:    Okawaru [****..]
Gold:   593        SH:  9    Dex: 18    Spells: 19/19 levels left

rFire   + . .      SeeInvis +    C - +4 hand axe of Imbalance {venom, Dex+3}
rCold   . . .      Faith    .    q - +1 kite shield
rNeg    + . .      Spirit   .    b - +0 leather armour
rPois   .          Reflect  .    (helmet restricted)
rElec   .          Harm     .    (no cloak)
rCorr   +          Rampage  .    M - +0 pair of gloves of the Ward {rCorr}
Will    .....                    G - +0 pair of boots
Stlth   +++                      (no amulet)
HPRegen 1.31/turn                t - ring of Dixea {rF+ rN+ SInv Stlth+}
MPRegen 0.15/turn                D - +5 ring of evasion

@: about to teleport
A: antennae 2, slimy green scales 2, powered by death 2
a: Renounce Religion, Heroism, Finesse


You were on level 9 of the Dungeon.
You worshipped Okawaru.
Okawaru was greatly pleased with you.
You visited 1 branch of the dungeon, and saw 9 of its levels.

You collected 653 gold pieces.
You spent 60 gold pieces at shops.

Inventory:

Hand Weapons
 a - a +0 rapier
 h - a +0 war axe
 C - the +4 hand axe of Imbalance (weapon) {venom, Dex+3}
   (You found it on level 5 of the Dungeon)

   It poisons the flesh of those it strikes.
   Dex:       It affects your dexterity (+3).
 P - a +0 whip of venom
Missiles
 d - 2 throwing nets (quivered)
 e - 9 javelins
 k - 31 poisoned darts
 w - 4 boomerangs
Armour
 b - a +0 leather armour (worn)
 c - a +0 helmet
 j - a +0 pair of boots
 p - a +0 scale mail
 q - a +1 kite shield (worn)
 y - a +0 pair of gloves
 G - a +0 pair of boots (worn)
 M - the +0 pair of gloves of the Ward (worn) {rCorr}
   (You found it on level 8 of the Dungeon)

   rCorr:     It protects you from acid and corrosion.
Jewellery
 t - the ring of Dixea (left hand) {rF+ rN+ SInv Stlth+}
   (You found it on level 2 of the Dungeon)

   [ring of see invisible]

   rF:        It protects you from fire.
   rN:        It protects you from negative energy.
   SInv:      It lets you see invisible.
   Stlth:     It makes you more stealthy.
 A - a ring of flight
 D - a +5 ring of evasion (right hand)
 E - a ring of resist corrosion
 L - a ring of protection from cold
 O - a +6 ring of strength
 Q - a +5 ring of evasion
Wands
 x - a wand of light (11)
 N - a wand of roots (14)
Scrolls
 o - 8 scrolls of blinking
 v - a scroll of teleportation
 F - 3 scrolls of fear {unknown}
 H - a scroll of noise {unknown}
 I - 2 scrolls of identify
 J - a scroll of enchant armour
 K - a scroll of torment {unknown}
Potions
 f - 3 potions of attraction
 g - a potion of brilliance
 i - a potion of flight
 l - 3 potions of magic
 m - a potion of lignification
 n - a potion of ambrosia {unknown}
 r - 5 potions of curing
 s - a potion of degeneration {unknown}
 z - a potion of cancellation {unknown}
 B - a potion of resistance {unknown}


   Skills:
 - Level 4.0 Fighting
 - Level 2.6 Short Blades
 - Level 4.0(7.6) Axes
 - Level 10.1(10.4) Maces & Flails
 - Level 1.7 Throwing
 - Level 3.0 Armour
 - Level 2.6 Dodging
 - Level 2.0 Stealth
 - Level 5.0 Spellcasting
 + Level 1.9 Transmutations


You had 19 spell levels left.
You didn't know any spells.
Your spell library contained the following spells:

 Spells                   Type           Power      Damage    Failure   Level
 Wereblood                Tmut           5%         N/A       58%         2
 Magic Dart               Conj           8%         1d3       71%         1
 Searing Ray              Conj           4%         2d4       85%         2
 Static Discharge         Conj/Air       4%         2-3/arc   85%         2
 Sublimation of Blood     Necr           2%         N/A       85%         2
 Ignite Poison            Fire/Tmut/Pois 3%         N/A       94%         3
 Vhi's Electric Charge    Tloc/Air       4%         N/A       97%         3
 Fulminant Prism          Conj/Hex       1%         3d5       100%        4
 Sticky Flame             Conj/Fire      2%         2d3       100%        4
 Arcjolt                  Conj/Air       1%         1d11      100%        5
 Lightning Bolt           Conj/Air       1%         1d12      100%        5
 Ignition                 Fire           1%         3d3       100%        8
 Summon Hydra             Summ           Unusable   N/A       N/A         7

Dungeon Overview and Level Annotations

Branches:
Dungeon (9/15)             Temple (0/1) D:5
   Lair: D:8-11         Orc: D:9-12

Altars:
Ashenzari
Gozag
Okawaru
Sif Muna
Uskayaw

Shops:
D:6 ?   D:7 (   D:8 [


Innate Abilities, Weirdness & Mutations

You have a pair of antennae on your head.
You are mostly covered in slimy green scales. (AC +3)
You regenerate health from kills.


Message History

The yak gores you.
You barely miss the yak.
The yak is moderately wounded.
You hit the yak.
The yak is poisoned.
The yak is lightly wounded.
You hit the yak.
The yak is poisoned.
The yak gores you. x2
You hit the yak.
The yak looks as sick as possible!
The yak is moderately wounded.
You hit the yak but do no damage.
The yak looks as sick as possible!
You block the yak's attack. The yak gores you!
* * * LOW HITPOINT WARNING * * *
You hit the yak but do no damage.
The yak looks as sick as possible!
The yak is moderately wounded.
You barely miss the yak. The yak gores you!
* * * LOW HITPOINT WARNING * * *
You block the yak's attack.
As you read the scroll of teleportation, it crumbles to dust.
You feel strangely unstable. The yak gores you but does no damage.
The yak gores you.
* * * LOW HITPOINT WARNING * * *
Unknown command.
You feel much better. You block the yak's attack. The yak closely misses you.
Unknown command.
You hit the yak.
The yak is heavily wounded.
You hit the yak. The yak gores you!
* * * LOW HITPOINT WARNING * * *
The yak gores you.
* * * LOW HITPOINT WARNING * * *
Unknown command.
You hit the yak but do no damage.
The yak looks as sick as possible!
The yak is heavily wounded.
You hit the yak.
You kill the yak!
Okawaru accepts your kill.
A troll comes into view.
The wight hits you with a +0 great sword.
* * * LOW HITPOINT WARNING * * *
The yak gores you!
You die...

######### #.......# #
#)......# ..
#.......###### # ...
######@Y.......## #
....#..###z#######..#
##### ..........zY..#
##.###....
..............#
#.....###
..............#
#...<..##
.......>......#
#.####..#
####......$....#
#........ ##.......T..#
#.........
##.##..........#.#####.


You could see 2 yaks, a troll (wandering) and 2 wights.

Vanquished Creatures
  2 wyverns (D:9)
  3 yaks
  A steam dragon (D:8)
  An acid dragon (D:8)
  3 water moccasins
  3 ice beasts
  2 black bears
  An orc warrior (D:9)
  2 ogres
  A centaur (D:8)
  7 bullfrogs
  3 kobold brigands
  3 gnoll sergeants
  2 scorpions
  2 wights (D:9)
  8 killer bees
  4 hounds
  A jelly (D:8)
  An orc priest (D:8)
  3 gnoll boudas
  An iguana (D:5)
  An orc wizard (D:8)
  21 gnolls
  12 adders
  A white imp (D:5)
  An ufetubus (D:5)
  A worm (D:4)
  15 orcs
  10 bats
  3 endoplasms
  3 giant cockroaches
  3 hobgoblins
  8 jackals
  24 kobolds
  4 quokkas
  5 ball pythons
  3 frilled lizards
  7 goblins
  5 rats
181 creatures vanquished.

Vanquished Creatures (collateral kills)
  An adder (D:2)
  A goblin (D:2)
  A jackal (D:2)
3 creatures vanquished.

Grand Total: 184 creatures vanquished

Notes
Turn   | Place    | Note
-------+----------+-------------------------------------------
     0 | D:1      | Newt the Demonspawn Gladiator began the quest for the Orb.
     0 | D:1      | Reached XP level 1. HP: 16/16 MP: 1/1
    92 | D:1      | Reached skill level 1 in Stealth
   175 | D:1      | Gained mutation: You regenerate a little health from kills.
                  | [demonic ancestry]
   175 | D:1      | Reached XP level 2. HP: 17/22 MP: 2/2
   638 | D:2      | Gained mutation: You are partially covered in slimy green
                  | scales. (AC +2) [demonic ancestry]
   638 | D:2      | Reached XP level 3. HP: 27/28 MP: 3/3
   957 | D:2      | Identified the ring of Dixea {rF+ rN+ SInv Stlth+}
  1066 | D:2      | Gained mutation: You have a pair of small antennae on your
                  | head. [demonic ancestry]
  1066 | D:2      | Reached XP level 4. HP: 37/37 MP: 4/4
  1275 | D:3      | Reached skill level 1 in Axes
  1392 | D:3      | Found an iron altar of Okawaru.
  1417 | D:3      | Became a worshipper of Warmaster Okawaru
  1864 | D:4      | Gained mutation: You regenerate health from kills. [demonic
                  | ancestry]
  1864 | D:4      | Reached XP level 5. HP: 34/42 MP: 5/5
  2163 | D:4      | Found a shimmering blue altar of Sif Muna.
  2271 | D:4      | Reached * piety under Okawaru
  2272 | D:4      | Reached XP level 6. HP: 41/48 MP: 6/6
  2308 | D:4      | Reached skill level 1 in Maces & Flails
  2308 | D:4      | Reached skill level 1 in Armour
  2686 | D:4      | Reached skill level 2 in Maces & Flails
  3096 | D:5      | Entered Level 5 of the Dungeon
  3166 | D:5      | Gained mutation: You have a pair of antennae on your head.
                  | [demonic ancestry]
  3166 | D:5      | Reached XP level 7. HP: 41/54 MP: 7/7
  3352 | D:5      | Reached ** piety under Okawaru
  3356 | D:5      | Found a staircase to the Ecumenical Temple.
  3512 | D:5      | Reached skill level 3 in Maces & Flails
  3790 | D:5      | Identified the +4 hand axe of Imbalance {venom, Dex+3}
  3803 | D:5      | Found an opulent altar of Gozag.
  4085 | D:5      | Reached skill level 4 in Maces & Flails
  4301 | D:5      | Reached skill level 5 in Maces & Flails
  4437 | D:5      | Reached XP level 8. HP: 60/60 MP: 8/8
  4731 | D:6      | Found Waoxtov's Magic Scroll Shoppe.
  4739 | D:6      | Reached skill level 6 in Maces & Flails
  4871 | D:6      | Bought a scroll of identify for 30 gold pieces
  4871 | D:6      | Bought a scroll of identify for 30 gold pieces
  5386 | D:6      | Reached skill level 7 in Maces & Flails
  5728 | D:7      | Reached *** piety under Okawaru
  5899 | D:7      | Reached skill level 8 in Maces & Flails
  6051 | D:7      | Found Watus's Weapon Emporium.
  6230 | D:7      | Gained mutation: You are mostly covered in slimy green
                  | scales. (AC +3) [demonic ancestry]
  6230 | D:7      | Reached XP level 9. HP: 64/65 MP: 9/9
  6392 | D:8      | Reached skill level 9 in Maces & Flails
  6406 | D:8      | Identified the +8 flail of the Big Bang {holy, rC+ Int-5
                  | SInv}
  6416 | D:8      | Noticed a +0 dagger
  6416 | D:8      | Noticed a +0 hand axe
  6417 | D:8      | Found a hide-covered altar of Uskayaw.
  6625 | D:8      | Reached skill level 10 in Maces & Flails
  6913 | D:8      | Reached **** piety under Okawaru
  7279 | D:8      | Found Tyat's Antique Armour Shoppe.
  7296 | D:8      | Identified the +0 pair of gloves of the Ward {rCorr}
  7310 | D:8      | Reached skill level 1 in Spellcasting
  7492 | D:8      | Found a broken altar of Ashenzari.
  7974 | D:9      | Noticed a catoblepas
  7974 | D:9      | Noticed a freezing wraith
  7974 | D:9      | Noticed a seven-headed hydra
  8001 | D:9      | Noticed a two-headed ogre
  8331 | D:9      | Reached skill level 5 in Spellcasting
  8331 | D:9      | Reached XP level 10. HP: 56/71 MP: 17/17
  8336 | D:9      | Reached skill level 1 in Transmutations
  8345 | D:9      | HP: 2/71 [yak (6)]
  8348 | D:9      | Slain by a yak

Illustrated notes

Levels and vault maps discovered:
D:1:      eino_arrival_cavern_e, layout_rooms
D:2:      minmay_wonky_spiral, layout_basic, minmay_quantized
D:3:      layout_loops_ring, mainiacjoe_overflow_cross_hatched,
          okawaru_metal_pillars_3, kennysheep_boxes
D:4:      layout_rooms, lemuel_tele_altar, minmay_unequal
D:5:      layout_loops_ring, old_standard_altar, minmay_temple_entry_hall
D:6:      layout_rooms, serial_shops, nicolae_stop_n_shop_1
D:7:      layout_cave_pods, serial_shops, kennysheep_mini
D:8:      layout_basic, dancing_weapons_uskayaw, mainiacjoe_overflow_chevrons,
          serial_shops, nicolae_shop_crystal, hangedman_minor_gate_pass
D:9:      minmay_the_grid_plus [minmay_the_grid_outer_diamond,
          minmay_the_grid_broken_lines, minmay_the_grid_zigzag_pyramid,
          minmay_the_grid_holed_spiral, minmay_the_grid_prize_shrinking_boxes],
          layout_rooms, kennysheep_small_square

Skill      XL: |  1  2  3  4  5  6  7  8  9 10 |
---------------+-------------------------------+-----
Stealth        | 1 2 |  2.0
Fighting       | 3 4 |  4.0
Axes           | 2 3 4 |  4.0
Maces & Flails | 2 5 8 10 | 10.1
Armour         | 2 3 |  3.0
Spellcasting   | 5 |  5.0
Transmutations | 1 |  1.9
Short Blades   | |  2.6
Throwing       | |  1.7
Dodging        | |  2.6

Action                   |  1- 3 |  4- 6 |  7- 9 | 10-12 || total
-------------------------+-------+-------+-------+-------++-------
Melee: War axe           |    94 |   148 |    73 |       ||   315
       Rapier            |     5 |       |       |       ||     5
       Punch             |     1 |       |       |       ||     1
       Hand axe          |       |       |   338 |    16 ||   354
Throw: Throwing net      |       |     2 |     3 |       ||     5
       Boomerang         |       |       |     1 |       ||     1
Invok: Heroism           |       |       |     1 |       ||     1
  Use: Scroll            |     5 |     3 |     6 |     1 ||    15
       Potion            |       |     2 |       |     1 ||     3
 Stab: Sleeping          |     6 |     8 |     7 |       ||    21
       Held in net/web   |       |     2 |       |       ||     2
       Distracted        |       |     1 |     1 |       ||     2
Armor: Leather armour    |    40 |    60 |   111 |     3 ||   214
Dodge: Dodged            |    79 |   103 |   262 |     4 ||   448
Block: Kite shield       |    29 |    75 |   243 |     7 ||   354

Table legend: (Time is in decaauts)
 A = Elapsed time spent in this place.
 B = Non-inter-level travel time spent in this place.
 C = Inter-level travel time spent in this place.
 D = Time resting spent in this place.
 E = Time spent auto-exploring this place.
 F = Levels seen in this place.
 G = Mean time per level.
                   A        B        C        D        E       F      G
               +--------+--------+--------+--------+--------+-----+--------+
         Total |   8576 |   8365 |    211 |   2181 |   4508 |   9 |  952.9 |
       Dungeon |   8576 |   8365 |    211 |   2181 |   4508 |   9 |  952.9 |
               +--------+--------+--------+--------+--------+-----+--------+

Top non-repeatable levels by time:
     D:5: 1692 daAuts
     D:8: 1584 daAuts
     D:4: 1287 daAuts
     D:6: 815 daAuts
     D:7: 783 daAuts
     D:3: 771 daAuts
     D:1: 617 daAuts
     D:2: 549 daAuts
     D:9: 473 daAuts
